Map: [ESL] Dragon Scales

Players

RagnaroK (SHIN) - Winner!

  • Race: Zerg Zerg

Neeb

  • Race: Protoss Protoss

Event: IEM Katowice 2023

VOD

Have the link to the VOD?

Description

Time

  • Played on: Feb. 9, 2023, 5:13 a.m.
  • Length: 11:15

All games in this series

Show
View Real Time Build Order
Export as new Build Order

RagnaroK Zerg - Winner!

Build Orders: Pool First 

Get SALT Encoding   

  12  0:00  Drone  
  13  0:07  Drone  
  14  0:16  Overlord  
  14  0:34  Drone x2  
  16  0:37  Drone  
  17  0:44  Spawning Pool  
  17  0:47  Drone  
  17  0:57  Drone  
  18  1:12  Hatchery  
  18  1:15  Drone  
  18  1:18  Extractor  
  17  1:30  Zergling x4  
  17  1:32  Queen  
  21  1:40  Drone  
  22  1:49  Overlord  
  22  2:07  Drone  
  23  2:10  Queen  
  23  2:13  Drone  
  26  2:21  Metabolic Boost  
  26  2:23  Drone  
  26  2:24  Drone  
  26  2:28  Queen  
  30  2:33  Drone  
  31  2:38  Drone  
  31  2:43  Drone x3  
  35  2:54  Hatchery  
  35  2:57  Zergling x2  
  35  3:01  Overlord  
  35  3:05  Zergling x2  
  36  3:16  Overlord  
  36  3:20  Drone x6  
  36  3:23  Drone  
  43  3:31  Drone  
  44  3:34  Overlord, Queen  
  44  3:37  Drone x2  
  44  3:39  Drone  
  49  3:43  Drone  
  49  3:44  Drone  
  51  3:52  Queen, Spore Crawler  
  51  3:53  Drone  
  53  3:57  Drone, Spore Crawler  
  53  3:58  Drone  
  53  4:04  Zergling x6  
  53  4:07  Queen  
  58  4:13  Zergling x4  
  58  4:15  Zergling x2  
  61  4:18  Drone x2  
  61  4:20  Spore Crawler  
  61  4:22  Drone, Evolution Chamber  
  62  4:24  Drone  
  62  4:26  Zergling x2  
  62  4:27  Zergling x2  
  62  4:29  Overlord  
  65  4:33  Overlord  
  65  4:37  Overlord  
  65  4:38  Overlord  
  65  4:41  Drone  
  65  4:43  Drone x2  
  62  4:45  Drone  
  62  4:49  Zerg Melee Weapons Level 1  
  62  4:51  Drone x2  
  62  4:52  Drone  
  65  4:54  Drone  
  65  4:59  Extractor, Drone x2  
  67  5:03  Zergling x8  
  67  5:04  Drone  
  72  5:13  Drone x3, Roach Warren  
  74  5:16  Lair  
  74  5:23  Drone x5  
  74  5:24  Drone x2  
  81  5:31  Overlord, Drone x2  
  81  5:32  Drone x2  
  81  5:34  Drone  
  85  5:37  Extractor  
  85  5:38  Extractor  
  85  5:41  Zergling x4  
  84  5:47  Overlord  
  84  5:50  Zergling x6  
  84  5:52  Zergling x2  
  84  5:53  Zergling x4  
  84  5:54  Hatchery  
  84  5:55  Queen  
  90  5:58  Overlord  
  90  6:04  Overlord  
  90  6:08  Overlord  
  88  6:13  Overlord  
  88  6:15  Drone x4  
  88  6:17  Drone x2, Hatchery  
  86  6:20  Glial Reconstitution  
  84  6:31  Overlord  
  84  6:32  Roach x7  
  98  6:38  Roach x4  
  105  6:43  Zerg Missile Weapons Level 1  
  105  6:44  Overlord  
  105  6:49  Roach x3  
  105  6:53  Overlord  
  111  6:54  Roach x2  
  111  6:59  Roach x3  
  121  7:04  Overlord  
  121  7:05  Roach x2  
  127  7:08  Roach x2  
  127  7:09  Roach  
  127  7:10  Overlord  
  127  7:15  Overlord  
  131  7:16  Roach x2  
  135  7:24  Drone x2  
  135  7:27  Roach x4  
  145  7:32  Ravager x3  
  145  7:35  Roach, Zergling x2  
  145  7:36  Zergling x4  
  145  7:37  Zergling x4  
  155  7:43  Zergling x4  
  157  7:45  Zergling x8  
  157  7:46  Zergling x4  
  157  7:48  Overlord  
  162  7:51  Zergling x6  
  162  7:58  Zergling x2  
  165  8:00  Ravager x2, Zergling x4  
  165  8:02  Overlord  
  169  8:06  Zergling x12  
  169  8:11  Zergling x4  
  159  8:14  Roach, Zergling x2  
  159  8:15  Zergling x4  
  159  8:19  Roach x2  
  155  8:22  Drone  
  155  8:24  Zergling x6  
  155  8:28  Zergling x4  
  155  8:33  Zergling x14  
  155  8:34  Zergling x2  
  163  8:35  Hydralisk Den  
  163  8:37  Extractor, Zerg Missile Weapons Level 2  
  163  8:39  Drone x2  
  160  8:44  Drone x3  
  160  8:45  Drone  
  160  8:47  Drone  
  151  8:50  Drone x2  
  151  8:55  Zergling x2  
  151  9:00  Roach, Zergling x8  
  155  9:07  Zergling x12  
  149  9:11  Drone x5  
  149  9:16  Muscular Augments  
  151  9:20  Extractor, Hydralisk x4  
  149  9:25  Hydralisk x3  
  149  9:28  Hydralisk x2  
  154  9:33  Hydralisk x2  
  154  9:37  Hydralisk x3  
  164  9:46  Hydralisk x4  
  164  9:48  Overseer  
  164  9:51  Overlord  
  172  9:54  Roach  
  172  9:59  Roach, Zergling x12  
  182  10:02  Roach, Zergling x4  
  182  10:06  Roach, Zergling x6  
  191  10:08  Roach x4  
  191  10:11  Zergling x10  
  195  10:20  Ravager x4  
  195  10:23  Roach, Zergling x14  
  195  10:28  Roach, Zergling x10  
  192  10:31  Hydralisk x3  
  192  10:33  Hydralisk  
  191  10:40  Drone x2  
  191  10:41  Lurker Den  
  191  10:42  Zergling x6  
  187  10:48  Zergling x4  
  187  10:52  Extractor, Drone x3  
  187  10:53  Extractor, Zergling x4  
  184  10:57  Infestation Pit, Zergling x8  
Show
View Real Time Build Order
Export as new Build Order

Neeb Protoss 

Build Orders: 1 Gate Expand, Oracle Opening 

Get SALT Encoding   

  12  0:00  Probe  
  13  0:12  Probe  
  14  0:20  Pylon  
  14  0:24  Probe  
  15  0:38  Probe (Chrono Boost)  
  15  0:39  Gateway  
  16  0:49  Probe (Chrono Boost)  
  17  0:50  Assimilator  
  17  0:53  Probe (Chrono Boost)  
  18  1:05  Probe  
  19  1:17  Probe  
  20  1:26  Nexus  
  20  1:36  Cybernetics Core  
  20  1:41  Zealot  
  22  1:48  Pylon  
  22  1:51  Probe  
  23  1:55  Assimilator  
  23  2:06  Probe  
  24  2:09  Adept (Chrono Boost)  
  24  2:13  Warp Gate  
  26  2:19  Gateway  
  26  2:21  Probe  
  26  2:29  Adept (Chrono Boost)  
  26  2:34  Probe  
  29  2:39  Probe  
  30  2:46  Probe (Chrono Boost)  
  30  2:51  Stargate, Probe (Chrono Boost)  
  33  3:03  Probe (Chrono Boost), Adept  
  33  3:04  Probe (Chrono Boost)  
  36  3:08  Adept  
  36  3:11  Probe x2 (Chrono Boost)  
  40  3:18  Pylon  
  40  3:22  Probe  
  40  3:23  Probe  
  42  3:31  Oracle (Chrono Boost)  
  42  3:34  Probe  
  42  3:36  Probe  
  47  3:41  Pylon  
  47  3:46  Probe  
  48  3:48  Probe  
  49  3:58  Probe  
  49  3:59  Oracle (Chrono Boost)  
  49  4:00  Probe  
  49  4:01  Adept  
  49  4:02  Adept  
  58  4:11  Probe  
  58  4:13  Pylon  
  59  4:22  Nexus  
  59  4:27  Pylon, Probe  
  59  4:28  Probe  
  61  4:35  Assimilator  
  61  4:36  Assimilator  
  61  4:39  Probe (Chrono Boost)  
  61  4:40  Probe (Chrono Boost)  
  63  4:52  Probe (Chrono Boost), Twilight Council  
  65  4:53  Forge, Probe (Chrono Boost)  
  65  4:59  Probe (Chrono Boost)  
  66  5:00  Probe (Chrono Boost)  
  66  5:02  Pylon  
  66  5:06  Probe  
  67  5:08  Pylon  
  67  5:10  Shield Battery, Sentry  
  67  5:11  Stalker  
  67  5:13  Probe  
  73  5:18  Probe  
  73  5:19  Blink  
  74  5:22  Protoss Ground Weapons Level 1 (Chrono Boost)  
  74  5:25  Probe  
  75  5:30  Probe (Chrono Boost)  
  76  5:36  Probe (Chrono Boost)  
  76  5:37  Probe (Chrono Boost)  
  76  5:41  Robotics Facility  
  79  5:44  Gateway  
  79  5:48  Probe x2 (Chrono Boost)  
  79  5:49  Probe (Chrono Boost)  
  81  5:51  Sentry x2  
  81  5:53  Probe (Chrono Boost)  
  81  5:55  Probe (Chrono Boost)  
  87  5:57  Gateway  
  87  5:58  Probe  
  87  6:00  Gateway  
  87  6:03  Gateway  
  88  6:05  Probe  
  88  6:06  Probe  
  90  6:12  Probe  
  91  6:22  Stalker  
  91  6:23  Stalker  
  92  6:29  Immortal (Chrono Boost)  
  92  6:31  Pylon  
  96  6:35  Pylon  
  96  6:40  Stalker  
  96  6:42  Assimilator  
  96  6:43  Probe x3  
  101  6:47  Assimilator, Gateway  
  101  6:51  Gateway  
  101  6:52  Stalker x3  
  107  6:55  Probe x2  
  107  6:58  Stalker x2  
  113  7:04  Pylon  
  113  7:05  Observer (Chrono Boost)  
  114  7:08  Probe  
  114  7:12  Stalker  
  114  7:13  Protoss Ground Weapons Level 2 (Chrono Boost)  
  114  7:15  Pylon  
  117  7:16  Pylon  
  117  7:20  Stalker x2  
  117  7:21  Warp Prism  
  123  7:27  Pylon  
  123  7:32  Nexus  
  123  7:40  Stalker x3  
  129  7:48  Stalker x3  
  119  8:15  Stalker x8  
  105  8:38  Stalker x8  
  108  9:01  Stalker x5  
  108  9:02  Stalker x3  
  111  9:15  Robotics Facility  
  109  9:25  Stalker x7  
  109  9:28  Stalker  
  122  9:53  Stalker x5  
  122  9:56  Pylon  
  122  9:58  Pylon  
  122  9:59  Pylon  
  132  10:16  Stalker x6  
  133  10:38  Stalker x2  
  133  10:41  Stalker x6  
  149  10:52  Pylon  
  149  10:55  Pylon  
  143  11:02  Stalker x2  
  139  11:07  Stalker x8  

Tags
 
Add a new tag
Caveats
  • Supply blocks, unpowered buildings, or Contaminate may cause inaccurate times.
  • Supply counts are checked every 10 seconds.